AoeStats
← FlyingDP

Nomad

509433123Analyzed
4v4 RM · 5d ago on Sep 26, 2026· 63m 43s· 8 players
Game mode
Random Map
Map size
231×231
Population
200
Speed
Normal
Resources
Standard
Victory
Conquest
Starting age
Dark Age
Ending age
Imperial Age
RankedLock teamsTeams togetherTeam positionsShared explorationLock speedFull tech treeHidden civsTurbo modeCheats
Victory
Defeat
🇺🇸 Magyars · United States
1085
+17
🇷🇺 Turks · Russia
1067
+18
🇧🇷 Goths · Brazil
1066
+18
🇦🇷 Mongols · Argentina
1061
+18
🇺🇸 Spanish · United States
1210
-23
🇺🇸 Persians · United States
1136
-19
🇺🇸 Vietnamese · United States
1098
-17
🇺🇸 Turks · United States
977
-12
ShadedKnight
16:16 Feudal Age
14:54 Loom
16:55 Double-Bit Axe
18:05 Wheelbarrow
17:19 Horse Collar
18:12 Fishing Lines
18:46 Gold Mining
23:34 Fletching
23:51 Scale Barding Armor
25:47 Castle Age
28:24 Husbandry
28:32 Gillnets
29:37 Chain Barding Armor
29:13 Bodkin Arrow
33:43 Bloodlines
36:30 Hand Cart
37:25 Gold Shaft Mining
39:53 Padded Archer Armor
44:10 Imperial Age
43:30 Town Watch
43:52 Horse Collar
44:26 Bow Saw
45:34 Cavalier
46:37 Conscription
46:26 Corvinian Army
50:38 Elite Magyar Huszar
54:23 Heavy Plow
58:27 Paladin
62:46 Plate Barding Armor
I_fireblade
11:04 Loom
16:29 Feudal Age
21:51 Castle Age
20:16 Horse Collar
21:06 Town Watch
21:52 Fletching
24:33 Stone Mining
28:38 Double-Bit Axe
41:41 Heavy Plow
45:08 Gold Mining
46:36 Wheelbarrow
48:45 Bow Saw
48:58 Bodkin Arrow
52:50 Padded Archer Armor
54:09 Town Patrol
60:49 Leather Archer Armor
® SEILERT ®™
5:06 Loom
15:36 Feudal Age
20:18 Castle Age
18:14 Double-Bit Axe
19:12 Horse Collar
20:14 Wheelbarrow
23:33 Bow Saw
24:12 Gold Mining
29:21 Squires
28:43 Pikeman
31:32 Heavy Plow
34:35 Imperial Age
32:52 Hand Cart
33:18 Forging
33:10 Scale Mail Armor
33:59 Anarchy
35:55 Iron Casting
35:35 Chain Mail Armor
35:44 Conscription
36:20 Elite Huskarl
39:57 Blast Furnace
43:00 Halberdier
54:54 Two-Man Saw
60:25 Perfusion
60:36 Perfusion
GonzaloMig
4:31 Loom
14:08 Feudal Age
15:29 Wheelbarrow
14:40 Town Watch
14:43 Double-Bit Axe
15:09 Horse Collar
21:04 Castle Age
20:45 Bloodlines
21:14 Scale Barding Armor
22:29 Fletching
24:23 Bodkin Arrow
26:02 Elite Skirmisher
27:14 Husbandry
42:06 Hand Cart
48:58 Gold Mining
48:59 Stone Mining
53:18 Stone Shaft Mining
57:28 Fishing Lines
60:04 Forging
59:55 Scale Mail Armor
60:42 Ballistics
62:28 Murder Holes
62:37 Padded Archer Armor
Pollito123
18:12 Feudal Age
17:06 Loom
20:01 Bloodlines
20:51 Scale Barding Armor
20:47 Scale Mail Armor
24:01 Forging
33:35 Padded Archer Armor
33:26 Fletching
35:52 Horse Collar
46:02 Castle Age
50:29 Chain Barding Armor
50:26 Leather Archer Armor
50:06 Bodkin Arrow
50:59 Chain Mail Armor
51:23 Iron Casting
FlyingDP
5:32 Loom
13:49 Feudal Age
16:06 Fletching
17:13 Padded Archer Armor
20:08 Castle Age
29:53 Bloodlines
33:52 Husbandry
33:59 Scale Barding Armor
34:04 Forging
38:59 Imperial Age
37:37 Wheelbarrow
37:34 Double-Bit Axe
39:00 Chain Barding Armor
39:16 Iron Casting
39:11 Cavalier
39:49 Bodkin Arrow
41:59 Plate Barding Armor
44:41 Blast Furnace
44:18 Hand Cart
46:40 Conscription
46:49 Conscription
49:19 Ballistics
49:45 Murder Holes
62:22 Bow Saw
doctorphysics
13:36 Feudal Age
11:51 Loom
17:47 Castle Age
16:33 Padded Archer Armor
17:55 Gold Mining
18:52 Wheelbarrow
19:46 Leather Archer Armor
24:02 Fletching
26:16 Bloodlines
28:01 Horse Collar
32:02 Redemption
32:35 Husbandry
33:48 Masonry
33:59 Ballistics
33:48 Stone Mining
40:06 Imperial Age
37:23 Town Watch
42:14 Hand Cart
43:52 Forging
48:04 Conscription
50:13 Chemistry
51:41 Hoardings
51:43 Iron Casting
51:14 Scale Barding Armor
51:41 Ring Archer Armor
51:47 Iron Casting
51:56 Light Cavalry
54:52 Elite Conquistador
60:26 Hussar
62:16 Hand Cart
ShallotForBrains
14:00 Feudal Age
14:24 Loom
14:46 Double-Bit Axe
16:59 Fishing Lines
19:39 Castle Age
18:00 Scale Barding Armor
Connection lost

Rejoining the realm…

Still unreachable

The connection could not be restored.

Session expired

The server has moved on; the page needs a fresh start.